 Dungeon Crawl Stone Soup version 0.21.0-24-g2553a33 (webtiles) character file.

770296 xight the Archmage (level 27, -3/148 HPs)
             Began as a Deep Elf Fire Elementalist on Jan 16, 2018.
             Was the Champion of Vehumet.
             Slain by a lorocyproca (27 damage)
             ... on level 4 of the Depths on Jan 21, 2018.
             The game lasted 07:54:02 (111425 turns).

xight the Archmage (Deep Elf Fire Elementalist)   Turns: 111425, Time: 07:54:02

Health: -3/148     AC: 16    Str:  3    XL:     27
Magic:  1/65       EV: 28    Int: 38    God:    Vehumet [******]
Gold:   4814       SH:  4    Dex: 16    Spells: 0/80 levels left

rFire    + + .     SeeInvis .   A - staff of power
rCold    + + .     Gourm    .   (no shield)
rNeg     + + +     Faith    .   K - +0 robe of the Stars {*Drain +Blink rElec rC+}
rPois    +         Spirit   .   R - +2 hat of the Vacuum {MR+}
rElec    +         Reflect  .   B - +2 cloak {rPois}
rCorr    .         Harm     .   O - +2 pair of gloves
MR       +++..                  I - +3 pair of boots of the Sunfish {+Inv rC+ rN++}
Stlth    ++++++++..             X - amulet "Vupn" {RegenMP Int+2 Dex+2}
HPRegen  0.34/turn              C - ring of protection from fire
MPRegen  0.64/turn              Z - ring "Tal Ycu" {rF+ rN+ Str-2 Int+2 Dex+3}

@: about to teleport, very slightly contaminated
A: iridescent scales 1, large bone plates 1, blurry vision 2, clumsy 2, frail 1,
low mp 1, subdued magic 1
}: 4/15 runes: serpentine, barnacled, slimy, silver
a: Renounce Religion, Evoke Blink, Evoke Invisibility


You were on level 4 of the Depths.
You worshipped Vehumet.
Vehumet was exalted by your worship.
You were not hungry.

You visited 14 branches of the dungeon, and saw 60 of its levels.
You visited the Abyss 1 time.
You also visited: Labyrinth and Ice Cave.

You collected 7569 gold pieces.
You spent 2755 gold pieces at shops.

Inventory:

Armour
 m - a +2 robe of magic resistance
 B - a +2 cloak of poison resistance (worn)
 I - the +3 pair of boots of the Sunfish (worn) {+Inv rC+ rN++}
   (You bought it in a shop on level 3 of the Vaults)

   It protects you from cold.
   It greatly protects you from negative energy.
   It lets you turn invisible.
 K - the +0 robe of the Stars (worn) {*Drain +Blink rElec rC+}
   (You bought it in a shop on level 2 of the Orcish Mines)

   It protects you from cold.
   It insulates you from electricity.
   It lets you blink.
   It causes draining when unequipped.
 O - a +2 pair of gloves (worn)
 R - the +2 hat of the Vacuum (worn) {MR+}
   (You found it in a labyrinth)

   It affects your resistance to hostile enchantments.
Magical Staves
 y - an uncursed staff of fire
 A - an uncursed staff of power (weapon)
Jewellery
 j - the amulet of Xuebit {Faith +Fly rC+ MP+9 Stlth-}
   (You found it on level 5 of the Pits of Slime)

   [amulet of faith]

   It allows you to gain divine favour quickly.
   It protects you from cold.
   It affects your magic capacity (+9).
   It lets you fly.
   It makes you less stealthy.
 l - an uncursed ring of magical power
 s - an uncursed ring of protection from magic
 w - an uncursed ring of flight
 x - an uncursed ring of protection from cold
 C - a ring of protection from fire (left hand)
 J - an uncursed ring of resist corrosion
 S - an uncursed ring of protection from cold
 U - the ring "Weixol" {rC+ Int+4}
   (You took it off a tengu reaver on level 5 of the Vaults)

   [ring of protection from cold]

   It affects your intelligence (+4).
   It protects you from cold.
 V - an uncursed ring of see invisible
 W - a +5 amulet of reflection
 X - the amulet "Vupn" (around neck) {RegenMP Int+2 Dex+2}
   (You took it off a deep elf elementalist on level 3 of the Elven Halls)

   [amulet of magic regeneration]

   It increases your magic regeneration.
   It affects your intelligence (+2).
   It affects your dexterity (+2).
 Z - the ring "Tal Ycu" (right hand) {rF+ rN+ Str-2 Int+2 Dex+3}
   (You acquired it on level 3 of the Shoals)

   [ring of positive energy]

   It affects your strength (-2).
   It affects your intelligence (+2).
   It affects your dexterity (+3).
   It protects you from fire.
   It protects you from negative energy.
Wands
 Y - a wand of digging (16)
Scrolls
 a - 26 scrolls of remove curse
 b - 7 scrolls of enchant armour
 n - 2 scrolls of identify
 o - a scroll of magic mapping
 u - 7 scrolls of teleportation
 z - 12 scrolls of fog
 G - 3 scrolls of blinking
 H - 8 scrolls of fear
 M - 11 scrolls of amnesia
 N - 2 scrolls of silence
 T - a scroll of holy word
Potions
 e - 13 potions of flight
 f - 19 potions of curing
 i - 2 potions of invisibility
 k - 8 potions of cancellation
 q - 2 potions of resistance
 r - 8 potions of lignification
 t - 6 potions of mutation
 v - 6 potions of haste
 F - 2 potions of ambrosia
 Q - 4 potions of agility
Books
 d - Sophisticated Magic
   (You found it on level 5 of the Pits of Slime)

   Spells                             Type                      Level
   a - Irradiate                      Conjuration/Transmutation    5
   b - Bolt of Draining               Conjuration/Necromancy       5
   c - Fireball                       Conjuration/Fire             5
   d - Lee's Rapid Deconstruction     Earth                        5
   e - Silence                        Hexes/Air                    5
   f - Blade Hands                    Transmutation                5
 g - a book of Geomancy

   Spells                             Type                      Level
   a - Sandblast                      Earth                        1
   b - Passwall                       Transmutation/Earth          2
   c - Stone Arrow                    Conjuration/Earth            3
   d - Petrify                        Transmutation/Earth          4
   e - Lee's Rapid Deconstruction     Earth                        5
 p - a book of Misfortune

   Spells                             Type                      Level
   a - Confusing Touch                Hexes                        1
   b - Confuse                        Hexes                        3
   c - Gell's Gravitas                Translocation                3
   d - Petrify                        Transmutation/Earth          4
   e - Metabolic Englaciation         Hexes/Ice                    5
   f - Yara's Violent Unravelling     Hexes/Transmutation          5
 D - the Compendium of Evil
   (You found it on level 3 of the Crypt)

   Spells                             Type                      Level
   a - Pain                           Necromancy                   1
   b - Corpse Rot                     Necromancy                   2
   c - Regeneration                   Charms/Necromancy            3
   d - Vampiric Draining              Necromancy                   3
   e - Dispel Undead                  Necromancy                   5
   f - Necromutation                  Transmutation/Necromancy     8
 E - a book of Party Tricks

   Spells                             Type                      Level
   a - Summon Butterflies             Summoning                    1
   b - Apportation                    Translocation                1
   c - Lesser Beckoning               Translocation                3
   d - Tukima's Dance                 Hexes                        3
   e - Alistair's Intoxication        Transmutation/Poison         5
   f - Invisibility                   Hexes                        6
 L - a book of Burglary

   Spells                             Type                      Level
   a - Swiftness                      Charms/Air                   2
   b - Passwall                       Transmutation/Earth          2
   c - Passage of Golubria            Translocation                4
   d - Lee's Rapid Deconstruction     Earth                        5
   e - Darkness                       Hexes                        6
   f - Invisibility                   Hexes                        6
 P - a book of the Warp

   Spells                             Type                      Level
   a - Gell's Gravitas                Translocation                3
   b - Portal Projectile              Hexes/Translocation          3
   c - Force Lance                    Conjuration/Translocation    4
   d - Dispersal                      Translocation                6
   e - Controlled Blink               Translocation                8
   f - Disjunction                    Translocation                8
Comestibles
 c - 60 rations
 h - 7 chunks of flesh


   Skills:
 + Level 15.1 Fighting
 + Level 20.3 Dodging
 + Level 21.9 Stealth
 O Level 27 Spellcasting
 * Level 25.0 Conjurations
 + Level 20.8 Hexes
 + Level 16.3 Translocations
 + Level 6.2 Transmutations
 * Level 25.2 Fire Magic


You couldn't memorise any spells.
You knew the following spells:

 Your Spells              Type           Power        Failure   Level  Hunger
a - Swiftness             Chrm/Air       #####...     1%          2    None
b - Ring of Flames        Chrm/Fire      #######...   1%          7    None
c - Conjure Flame         Conj/Fire      ########     0%          3    None
d - Sticky Flame          Conj/Fire      ########     0%          4    None
e - Fireball              Conj/Fire      ########..   0%          5    None
f - Inner Flame           Hex/Fire       ########     0%          3    None
g - Cause Fear            Hex            ########..   0%          4    None
h - Bolt of Fire          Conj/Fire      ########..   0%          6    None
i - Force Lance           Conj/Tloc      ########     0%          4    None
j - Fire Storm            Conj/Fire      ########..   1%          9    None
k - Orb of Destruction    Conj           ########..   0%          7    None
m - Passwall              Tmut/Erth      ######....   1%          2    None
p - Ignition              Fire           ########..   1%          8    None
r - Controlled Blink      Tloc           N/A          1%          8    None
t - Disjunction           Tloc           #######...   1%          8    None


Dungeon Overview and Level Annotations

Branches:
Dungeon (15/15)            Temple (1/1) D:7            Lair (6/6) D:11
 Shoals (4/4) Lair:3        Snake (4/4) Lair:4        Slime (5/5) Lair:6
    Orc (2/2) D:12            Elf (3/3) Orc:2        Vaults (5/5) D:14
  Crypt (3/3) Vaults:2       Tomb (1/3) Crypt:3      Depths (5/5) D:15
   Hell (1/1)                 Zot (5/5) Depths:5
    Dis: Hell:1         Geh: Hell:1         Coc: Hell:1         Tar: Hell:1

Altars:
Ashenzari
Cheibriados
Dithmenos
Elyvilon
Fedhas
Gozag
Hepliaklqana
Kikubaaqudgha
Makhleb
Nemelex Xobeh
Okawaru
Qazlal
Ru
Sif Muna
Trog
Uskayaw
Vehumet
Wu Jian
Xom
Yredelemnul
Zin
The Shining One
Lugonu

Shops:
D:4 }   D:13 (   Orc:2 [[(!(   Elf:1 }==   Shoals:1 }   Shoals:3 (
Vaults:3 *[

Portals:
Hell: Depths:1 Depths:2 Depths:3 Depths:4 Depths:5
Abyss: Depths:3 Depths:4
Pandemonium: Depths:2 Depths:3 Depths:4
Ziggurat: Depths:4

Annotations:
Elf:2 exclusion: 2 downstairs
Depths:4 exclusion: downstairs
Hell Geryon


Innate Abilities, Weirdness & Mutations

You are partially covered in iridescent scales. (AC +2)
You are partially covered in large bone plates. (SH +4)
Scrolls take you longer to read.
You are very clumsy. (Dex -4)
You are frail. (-10% HP)
Your magical capacity is low. (-10% MP)
Your spells are a little easier to cast, but a little less powerful.


Message History

Something completely misses you.
There is a corrupted altar of Lugonu here.
Something misses you. Something hits you!!
You feel your power leaking away.
You start resting.
Something hits you!!
You feel your power leaking away.
Casting: Fire Storm
Confirm with . or Enter, or press ? or * to list all spells.
You don't know that spell.
Unknown command.
Something hits you!!
* * * LOW HITPOINT WARNING * * *
You feel your power leaking away.
You begin reading the scroll.
You continue reading the scroll.
Something hits you but does no damage.
As you read the scroll of teleportation, it crumbles to dust.
You feel strangely unstable. Something hits you!!
You die...

....##≈≈≈≈≈≈≈≈≈≈≈≈≈≈##...# ##
#..####≈≈≈≈≈≈≈≈≈≈≈≈##....# ##.
#..#####≈≈≈≈≈≈≈≈≈≈##.....# #..
#..##.###≈≈≈≈≈≈≈≈##......# ###..
#....##.##########.......# ##..>.
#...............##.......# #.###.
#.##.#..[..#.....#..##..## ### ##
#####..............###### ##
###..##..#..@..## .#
###...........###
########..........##..## ##
##.##.#∩_....∩....##...### #####.
.#..#.##.....#...........###..###
#.#....##.....................##.
.#............#..................
............####.................
..........### #....#......).....


There were no monsters in sight!

Vanquished Creatures
  the Royal Jelly (Slime:5)
  11 orbs of fire
  9 ancient liches
  Mara (Snake:4)
  3 juggernauts
  4 greater mummies
  Bai Suzhen (Snake:4)
  5 curse toes
  Vashnia (Snake:3)
  Saint Roka (Vaults:2)
  A caustic shrike (Depths:2)
  2 Killer Klowns (Zot:5)
  12 golden dragons
  Nikola (Vaults:2)
  2 bone dragons
  Jorgrun (Elf:3)
  Rupert (Lair:3)
  3 electric golems
  4 liches
  24 Orb Guardians
  14 tentacled monstrosities
  2 deep elf master archers (Elf:3)
  Asterion (Snake:2)
  8 quicksilver dragons
  2 titans (Vaults:5)
  3 deep elf blademasters
  25 acid blobs
  13 shadow dragons
  Polyphemus (Shoals:4)
  4 tentacled starspawn
  12 death cobs
  An Executioner (Abyss:3)
  7 ancient champions
  Agnes (D:15)
  10 storm dragons
  Kirke (Lair:4)
  6 draconian monks
  14 sphinxes
  4 tengu reavers
  Donald (Vaults:3)
  17 azure jellies
  6 nagarajas (Snake:4)
  Ilsuiw (Shoals:4)
  12 fire giants
  A daeva (Depths:3)
  6 deep elf sorcerers
  10 frost giants
  9 revenants
  3 ghost moths
  3 draconian scorchers
  17 vault wardens
  4 curse skulls
  Louise (D:14)
  6 iron dragons
  A cacodemon (Abyss:3)
  3 draconian stormcallers
  Aizul (Snake:1)
  8 draconian knights
  3 ghouls
  8 draconian shifters
  16 ironheart preservers
  2 war gargoyles (Vaults:5)
  7 draconian annihilators
  5 deep elf elementalists (Elf:3)
  23 stone giants
  A spriggan defender (Depths:2)
  9 vampire knights
  16 very ugly things
  12 green draconians
  8 deep elf demonologists
  11 black draconians
  6 white draconians
  11 deep elf annihilators
  Nessos (D:14)
  14 purple draconians
  4 spark wasps
  A dire elephant (Lair:6)
  A dire elephant (shapeshifter) (Depths:2)
  13 red draconians
  11 yellow draconians
  The ghost of dobroeutro the Severer, a journeyman MiFi of Okawaru (D:14)
  2 crystal guardians (Vaults:4)
  12 fire dragons
  6 death oozes (Slime:5)
  A minotaur (Lab)
  6 mummy priests (Tomb:1)
  15 ettins
  10 merfolk javelineers
  11 deep elf death magi
  A green death (Depths:4)
  12 merfolk impalers
  3 eidola
  Josephine (Lair:4)
  4 deep elf high priests
  20 yaktaur captains
  10 great orbs of eyes
  A quicksilver dragon zombie (Tomb:1)
  7 jiangshi
  6 rakshasas
  Harold (D:10)
  9 ice dragons
  3 merfolk avatars
  11 anacondas
  3 catoblepae
  27 vault guards
  7 hydras
  3 death knights
  10 naga warriors
  5 spriggan air magi
  15 centaur warriors
  39 two-headed ogres
  11 death scarabs (Tomb:1)
  A two-headed ogre (shapeshifter) (Depths:2)
  6 merfolk aquamancers
  13 ogre magi
  2 alligator snapping turtles (Shoals:2)
  9 deep troll shamans
  4 hell hogs
  3 satyrs
  28 dancing weapons
  3 thrashing horrors
  6 tengu warriors
  8 orc high priests
  15 naga sharpshooters
  3 spriggan berserkers
  8 vampire magi
  5 death yaks
  2 deep troll earth magi
  Sonja (D:14)
  5 shock serpents
  2 spriggans (Depths:5)
  A titan skeleton (Tomb:1)
  33 deep elf knights
  2 iron trolls
  33 skeletal warriors
  Nergalle (Lair:4)
  3 soul eaters
  2 wretched stars
  18 hell knights
  2 sixfirhies (Abyss:3)
  The ghost of Thaneod the Arsonist, a novice DEFE of Vehumet (D:8)
  2 salamander mystics
  A shadow wraith (Crypt:2)
  18 sea snakes
  7 flayed ghosts
  3 unseen horrors
  8 glowing orange brains
  39 deep trolls
  A torturous demonspawn (Depths:4)
  5 wizards
  18 harpies
  A shadow dragon zombie (Crypt:1)
  9 naga ritualists
  18 deep elf archers
  An obsidian statue (Zot:5)
  7 necromancers
  12 ironbrand convokers
  16 phantasmal warriors
  23 orc knights
  A wolf spider zombie (Tomb:1)
  76 deep elf magi
  4 oklob plants
  4 wolf spiders
  7 mana vipers
  8 orc sorcerers
  An orb spider (shapeshifter) (Vaults:2)
  49 ugly things
  8 salamanders
  2 stone giant zombies
  20 fauns
  13 manticores
  10 shining eyes
  2 fire giant skeletons
  A fire giant zombie (Crypt:1)
  A salamander (shapeshifter) (Vaults:4)
  2 worldbinders (Abyss:3)
  9 cyclopes
  9 merfolk sirens
  22 moths of wrath
  A shock serpent zombie (Crypt:3)
  11 vault sentinels
  Joseph (D:8)
  34 black mambas
  A frost giant skeleton (Crypt:1)
  A human skeleton (Vaults:1)
  2 stone giant skeletons
  3 ice statues (IceCv)
  6 elephants (Lair:6)
  4 water nymphs
  A rust devil (Abyss:2)
  17 naga magi
  2 smoke demons
  2 guardian serpents
  10 centaur zombies
  A spiny frog (shapeshifter) (Depths:1)
  2 gargoyles
  9 eyes of devastation
  10 spiny frogs
  A dire elephant skeleton (Crypt:3)
  50 yaktaurs
  A molten gargoyle (D:15)
  A hellion (Abyss:3)
  7 rime drakes
  2 rime drakes (shapeshifter)
  An emperor scorpion zombie (Tomb:1)
  8 komodo dragons
  5 freezing wraiths
  47 merfolk
  8 guardian mummies (Tomb:1)
  A sea snake zombie (Crypt:1)
  A spriggan skeleton (Depths:1)
  2 yellow draconian skeletons
  An ancient zyme (Abyss:3)
  2 tengu conjurers
  9 trolls
  6 wind drakes
  4 polar bears
  3 meliai (D:14)
  2 spectral guardian serpents (Crypt:1)
  A bog body (Crypt:3)
  Grinder (D:6)
  A harpy skeleton (Crypt:2)
  6 hornets
  A blink frog (shapeshifter) (Vaults:5)
  8 hippogriffs
  A raiju (shapeshifter) (Vaults:3)
  14 raiju
  A stone giant simulacrum (Vaults:3)
  A hornet (shapeshifter) (Depths:2)
  139 slime creatures
  13 blink frogs
  7 dream sheep (Shoals:2)
  9 snapping turtles
  11 flying skulls
  A centaur simulacrum (D:15)
  An ice dragon skeleton (Depths:1)
  A ynoxinul (Abyss:2)
  21 water elementals
  2 shadows
  5 wyverns
  11 wraiths
  11 air elementals
  25 yaks
  2 starcursed masses (Abyss:3)
  2 fire elementals
  A basilisk (shapeshifter) (Elf:3)
  2 ushabtiu (Tomb:1)
  7 golden eyes
  4 hungry ghosts
  6 basilisks
  5 chaos spawn
  4 neqoxecs
  3 hogs (Lair:4)
  4 vampire mosquitoes (D:15)
  An elf skeleton (Depths:1)
  A spiny frog zombie (Abyss:1)
  12 wargs
  2 acid dragons
  A swamp worm (shapeshifter) (Vaults:1)
  10 water moccasins
  5 small abominations
  10 large abominations
  33 nagas
  A hydra simulacrum (Tomb:1)
  8 hell hounds (Depths:3)
  A spatial vortex (Abyss:3)
  A water nymph zombie (Crypt:2)
  5 floating eyes
  67 orc warriors
  2 sky beasts
  5 porcupines
  3 phantoms
  A hornet zombie (D:15)
  11 ice beasts
  3 necrophages
  4 black bears
  A swamp dragon zombie (Crypt:2)
  9 eyes of draining
  An eye of draining (shapeshifter) (Depths:3)
  2 ettin simulacra
  7 boggarts (Vaults:1)
  A wolf (shapeshifter) (Depths:3)
  5 wolves (Lair:5)
  42 ogres
  48 centaurs
  A centaur (shapeshifter) (Vaults:3)
  18 crocodiles
  A manticore skeleton (Crypt:1)
  2 elf zombies (Elf:1)
  3 big kobolds
  A bullfrog (shapeshifter) (D:14)
  A salamander zombie (Crypt:2)
  12 bullfrogs
  4 earth elementals
  A cyclops zombie (Crypt:2)
  A wyvern zombie (Crypt:2)
  8 scorpions
  13 killer bees
  A killer bee (shapeshifter) (Depths:2)
  9 wights
  5 electric eels
  5 howler monkeys
  A human simulacrum (Vaults:2)
  A lava snake (D:15)
  6 crimson imps
  A jelly (D:10)
  4 quasits
  6 centaur skeletons
  8 hounds
  45 orc priests
  Crazy Yiuf (D:7)
  A black bear skeleton (Crypt:1)
  5 iguanas
  Ijyb (D:3)
  28 orc wizards
  16 worker ants
  A felid zombie (Crypt:3)
  2 crocodile zombies
  A killer bee zombie (Crypt:3)
  A deep dwarf zombie (Crypt:1)
  A dwarf zombie (Crypt:1)
  19 mummies
  A worker ant zombie (D:11)
  A swamp drake zombie (Crypt:3)
  A scorpion zombie (Crypt:1)
  15 adders
  4 shadow imps
  13 white imps
  An ufetubus (Abyss:1)
  An ooze (D:5)
  4 worms
  3 dart slugs
  2 leopard geckos (D:3)
  130 orcs
  4 giant cockroaches
  A hobgoblin (shapeshifter) (Vaults:5)
  7 hobgoblins
  5 jackals
  A quokka (shapeshifter) (Vaults:5)
  4 quokkas
  A ball python (D:2)
  A ball python skeleton (Crypt:2)
  A ball python zombie (D:6)
  15 bats
  3 frilled lizards
  7 goblins (D:1)
  A goblin zombie (Crypt:1)
  2 jackal skeletons (D:4)
  18 kobolds
  A leopard gecko zombie (Crypt:3)
  2 quokka skeletons
  6 rats
  A crawling corpse (Elf:3)
  A fire vortex (Depths:5)
  4 fungi
  A lurking horror (Abyss:2)
  17 plants
  2 starspawn tentacles (Abyss:1)
2873 creatures vanquished.

Vanquished Creatures (collateral kills)
  Khufu (Crypt:2)
  2 tentacled monstrosities
  An Orb Guardian (Zot:5)
  2 acid blobs
  An ancient champion (Crypt:2)
  2 storm dragons
  An azure jelly (Slime:5)
  A fire giant (Vaults:5)
  A draconian scorcher (Zot:3)
  A draconian knight (Zot:2)
  A frost giant (Depths:3)
  A draconian stormcaller (Zot:2)
  A draconian shifter (Zot:2)
  A ghoul (Crypt:3)
  3 stone giants
  A green draconian (Depths:5)
  2 black draconians
  A purple draconian (Zot:3)
  2 yellow draconians
  A red draconian (Zot:1)
  4 white draconians
  An eidolon (Crypt:3)
  A death ooze (Slime:5)
  A mummy priest (Tomb:1)
  A yaktaur captain (Vaults:5)
  A deep elf high priest (Vaults:5)
  2 ice dragons
  A vampire mage (Depths:3)
  A skeletal warrior (Crypt:3)
  An obsidian statue (Zot:5)
  A necromancer (Crypt:1)
  A wolf spider zombie (Crypt:2)
  An ugly thing (Depths:1)
  A deep elf mage (Vaults:5)
  A moth of wrath (Zot:2)
  A worldbinder (Abyss:2)
  2 yaktaurs
  A freezing wraith (Crypt:1)
  A tengu conjurer (Depths:2)
  8 slime creatures
  A wolf spider simulacrum (Crypt:1)
  A wraith (Crypt:2)
  An ushabti (Tomb:1)
  A golden eye (Slime:3)
  A naga (Lair:4)
  A small abomination (Abyss:2)
  A floating eye (Slime:3)
  A necrophage (Crypt:3)
  An ogre (Vaults:4)
  An orc priest (Elf:3)
  A mummy (Tomb:1)
  A steam dragon skeleton (Crypt:1)
  A river rat skeleton (Crypt:2)
  A crawling corpse (Elf:3)
  A plant (Lair:4)
74 creatures vanquished.

Vanquished Creatures (others)
  A deep elf mage (Elf:3)
  4 floating eyes (Elf:3)
  A bush (Lair:5)
  913 fire vortices
  4 fungi
  A lurking horror (Abyss:3)
  25 plants
  4 starspawn tentacles (Abyss:3)
  5 withered plants
958 creatures vanquished.

Grand Total: 3905 creatures vanquished

Notes
Turn   | Place    | Note
-------+----------+-------------------------------------------
     0 | D:1      | xight the Deep Elf Fire Elementalist began the quest for the Orb.
     0 | D:1      | Reached XP level 1. HP: 10/10 MP: 6/6
   509 | D:1      | Reached XP level 2. HP: 15/15 MP: 4/8
   547 | D:1      | Learned a level 2 spell: Throw Flame
  1102 | D:2      | Reached XP level 3. HP: 19/19 MP: 7/10
  1310 | D:2      | Learned a level 3 spell: Conjure Flame
  1362 | D:2      | Found a shimmering altar of Xom.
  1673 | D:2      | Reached skill level 4 in Spellcasting
  1710 | D:2      | Reached XP level 4. HP: 24/24 MP: 4/12
  2140 | D:2      | Learned a level 3 spell: Inner Flame
  2329 | D:3      | Reached XP level 5. HP: 28/28 MP: 5/13
  2646 | D:3      | Noticed Ijyb
  2660 | D:3      | Killed Ijyb
  3393 | D:3      | Learned a level 4 spell: Sticky Flame
  3445 | D:4      | Found Woppaenk's Gadget Emporium.
  3449 | D:3      | Reached skill level 5 in Spellcasting
  3449 | D:3      | Reached XP level 6. HP: 32/33 MP: 9/15
  3952 | D:4      | Reached skill level 1 in Fighting
  4301 | D:4      | Reached skill level 5 in Fire Magic
  4454 | D:4      | Reached XP level 7. HP: 38/38 MP: 17/17
  4967 | D:4      | Reached skill level 6 in Spellcasting
  5081 | D:5      | Entered Level 5 of the Dungeon
  5964 | D:5      | Reached skill level 5 in Conjurations
  6137 | D:5      | Reached XP level 8. HP: 16/44 MP: 19/19
  6533 | D:5      | Learned a level 5 spell: Fireball
  6862 | D:6      | Noticed Grinder
  6873 | D:6      | Killed Grinder
  6873 | D:6      | Reached skill level 7 in Spellcasting
  6952 | D:6      | Reached skill level 5 in Stealth
  7062 | D:6      | Found a shadowy altar of Dithmenos.
  7063 | D:6      | Found a deep blue altar of Sif Muna.
  7394 | D:6      | Reached skill level 5 in Dodging
  7486 | D:6      | HP: 2/45 [shadow imp/nerve-wracking pain (7)]
  7500 | D:6      | Reached XP level 9. HP: 32/49 MP: 3/22
  7869 | D:6      | Reached skill level 8 in Spellcasting
  8648 | D:7      | Found a hazy altar of Hepliaklqana.
  9105 | D:7      | Found a runed door.
  9109 | D:7      | Noticed Crazy Yiuf
  9114 | D:7      | Killed Crazy Yiuf
  9323 | D:7      | Found a staircase to the Ecumenical Temple.
  9332 | Temple   | Entered the Ecumenical Temple
  9383 | Temple   | Became a worshipper of Vehumet
  9781 | D:8      | Noticed Thaneod's ghost (novice DEFE)
 10318 | D:8      | Reached skill level 9 in Spellcasting
 10876 | D:8      | Noticed Joseph
 10881 | D:8      | Killed Joseph
 11052 | D:8      | Reached * piety under Vehumet
 11052 | D:8      | Offered knowledge of Freeze by Vehumet.
 11556 | D:9      | Noticed a two-headed ogre
 11559 | D:9      | Killed a two-headed ogre
 11559 | D:9      | Reached XP level 10. HP: 56/56 MP: 18/25
 11889 | D:9      | Reached skill level 10 in Spellcasting
 12824 | D:10     | Entered Level 10 of the Dungeon
 13064 | D:10     | Noticed a two-headed ogre
 13067 | D:10     | Killed a two-headed ogre
 13355 | D:10     | Noticed Harold
 14231 | D:11     | Noticed a cyclops
 14236 | D:11     | Killed a cyclops
 14391 | D:11     | Noticed a two-headed ogre
 14392 | D:11     | Reached XP level 11. HP: 62/62 MP: 16/27
 14693 | D:11     | Offered knowledge of Shock by Vehumet.
 14693 | D:11     | Reached skill level 11 in Spellcasting
 14896 | D:11     | Reached ** piety under Vehumet
 14919 | D:11     | Killed a two-headed ogre
 15394 | D:11     | Noticed a red ugly thing
 15551 | D:11     | Offered knowledge of Throw Frost by Vehumet.
 15699 | D:11     | Reached skill level 10 in Fire Magic
 16097 | D:11     | Reached *** piety under Vehumet
 16260 | D:11     | Found a staircase to the Lair.
 16497 | Lair:1   | Entered Level 1 of the Lair of Beasts
 16855 | Lair:1   | Reached skill level 1 in Hexes
 16868 | Lair:1   | Found a labyrinth entrance.
 16905 | Lab      | Entered a labyrinth
 17198 | Lab      | Noticed a minotaur
 17203 | Lab      | Killed a minotaur
 17203 | Lab      | Reached skill level 5 in Fighting
 17261 | Lab      | Got a bloodstained hat
 17272 | Lab      | Identified the +2 hat of the Vacuum {MR+} (You found it in a labyrinth)
 17303 | Lair:1   | Reached skill level 10 in Conjurations
 17722 | Lair:2   | Reached skill level 12 in Spellcasting
 17797 | Lair:2   | Noticed a four-headed hydra
 17811 | Lair:2   | Killed a four-headed hydra
 18057 | Lair:2   | Noticed a catoblepas
 18483 | Lair:1   | Learned a level 4 spell: Cause Fear
 18633 | Lair:2   | Offered knowledge of Airstrike by Vehumet.
 18633 | Lair:2   | Reached XP level 12. HP: 68/68 MP: 26/30
 18920 | Lair:3   | Noticed Rupert
 18930 | Lair:3   | Killed Rupert
 19116 | Lair:3   | Found a frozen archway.
 19158 | IceCv    | Entered an ice cave
 19237 | IceCv    | Reached **** piety under Vehumet
 19474 | IceCv    | Offered knowledge of Bolt of Draining by Vehumet.
 19706 | IceCv    | Got a clouded steel amulet
 19711 | IceCv    | Got bronze ice dragon scales
 19745 | IceCv    | Identified the +9 ice dragon scales "Zionan" {*Drain rElec rF- rC++ rN+ Stlth+} (You found it in an ice cave)
 19746 | IceCv    | Identified the amulet "Obocafash" {RegenMP Dex+5} (You found it in an ice cave)
 19897 | Lair:3   | Reached skill level 13 in Spellcasting
 19969 | Lair:3   | Found a staircase to the Shoals.
 20264 | Lair:3   | Noticed a four-headed hydra
 20267 | Lair:3   | Killed a four-headed hydra
 20781 | Lair:4   | Noticed a six-headed hydra
 20781 | Lair:4   | Noticed Nergalle
 20790 | Lair:4   | Killed a six-headed hydra
 20842 | Lair:4   | Killed Nergalle
 20847 | Lair:4   | Noticed a catoblepas
 21001 | Lair:4   | Noticed Kirke
 21001 | Lair:4   | Reached skill level 5 in Hexes
 21006 | Lair:4   | Killed Kirke
 21006 | Lair:4   | Reached XP level 13. HP: 74/74 MP: 14/32
 21271 | Lair:4   | Noticed Josephine
 21274 | Lair:4   | Killed Josephine
 21282 | Lair:4   | Reached skill level 10 in Stealth
 21370 | Lair:4   | Found a staircase to the Snake Pit.
 21889 | Lair:5   | Reached ***** piety under Vehumet
 21955 | Lair:5   | Offered knowledge of Bolt of Magma by Vehumet.
 22119 | Lair:5   | Reached skill level 14 in Spellcasting
 22973 | Lair:5   | Found a radiant altar of Vehumet.
 23229 | Lair:6   | Entered Level 6 of the Lair of Beasts
 23229 | Lair:6   | Found a staircase to the Slime Pits.
 23809 | Lair:6   | Noticed a dire elephant
 23814 | Lair:6   | Killed a dire elephant
 24171 | Lair:6   | Reached skill level 10 in Dodging
 24176 | Lair:6   | Reached XP level 14. HP: 73/80 MP: 34/34
 25808 | D:12     | Found a staircase to the Orcish Mines.
 26051 | D:12     | Found a hazy altar of Hepliaklqana.
 26676 | D:13     | Found a white marble altar of Elyvilon.
 26942 | D:13     | Found Isyecwa's Antique Weapon Shop.
 27009 | D:13     | Reached skill level 15 in Spellcasting
 27532 | D:13     | Offered knowledge of Bolt of Fire by Vehumet.
 27589 | D:13     | Learned a level 6 spell: Bolt of Fire
 27967 | D:14     | Noticed Sonja
 27974 | D:14     | Killed Sonja
 27987 | D:14     | Noticed Nessos
 28087 | D:14     | Noticed dobroeutro's ghost (journeyman MiFi)
 28421 | D:14     | Found a gate to the Vaults.
 28543 | D:14     | Noticed Agnes
 28543 | D:14     | Killed dobroeutro's ghost
 28637 | D:14     | Killed Nessos
 28746 | D:14     | Noticed Louise
 28857 | Orc:1    | Entered Level 1 of the Orcish Mines
 29234 | Orc:2    | Entered Level 2 of the Orcish Mines
 29410 | Orc:1    | Reached XP level 15. HP: 86/86 MP: 20/36
 29896 | Orc:2    | Found a staircase to the Elven Halls.
 30006 | Orc:2    | Offered knowledge of Poison Arrow by Vehumet.
 30224 | Orc:2    | Found Zoluul's Armour Emporium.
 31479 | Orc:2    | Reached skill level 16 in Spellcasting
 31865 | Orc:2    | Found Plog's Antique Armour Shoppe.
 31867 | Orc:2    | Found Veuqetes's Distillery.
 31867 | Orc:2    | Found Tixuor's Weapon Shoppe.
 31868 | Orc:2    | Found Izee's Weapon Shoppe.
 31875 | Orc:2    | Bought a potion of haste for 130 gold pieces
 31875 | Orc:2    | Bought a potion of agility for 52 gold pieces
 31875 | Orc:2    | Bought a potion of magic for 104 gold pieces
 31875 | Orc:2    | Bought a potion of brilliance for 52 gold pieces
 31875 | Orc:2    | Bought a potion of haste for 130 gold pieces
 31875 | Orc:2    | Bought a potion of curing for 39 gold pieces
 31875 | Orc:2    | Bought a potion of brilliance for 52 gold pieces
 31963 | Orc:2    | Bought a +1 pair of gloves for 195 gold pieces
 31963 | Orc:2    | Bought a +2 pair of boots for 280 gold pieces
 32220 | Snake:1  | Entered Level 1 of the Snake Pit
 32220 | Snake:1  | Noticed Aizul
 32438 | Snake:1  | Offered knowledge of Bolt of Cold by Vehumet.
 32794 | Snake:1  | Killed Aizul
 33458 | Snake:1  | Learned a level 4 spell: Force Lance
 33542 | Snake:2  | Noticed Asterion
 33619 | Snake:1  | Learned a level 4 spell: Iskenderun's Mystic Blast
 33958 | Snake:2  | Killed Asterion
 34116 | Snake:3  | Noticed Vashnia
 34338 | Snake:2  | Identified a scroll of acquirement
 34887 | Shoals:1 | Entered Level 1 of the Shoals
 35386 | Shoals:1 | Reached XP level 16. HP: 92/92 MP: 25/38
 35576 | Shoals:1 | Found Xauc Lep's Gadget Shop.
 36542 | Shoals:2 | Reached skill level 17 in Spellcasting
 36902 | Shoals:2 | Reached skill level 10 in Hexes
 37592 | Shoals:3 | Reached skill level 15 in Fire Magic
 37778 | Shoals:3 | Offered knowledge of Orb of Destruction by Vehumet.
 37790 | Shoals:3 | Learned a level 7 spell: Orb of Destruction
 37855 | Shoals:3 | Found Zomitz's Antique Weapon Shop.
 38015 | Shoals:3 | Reached ****** piety under Vehumet
 38155 | Shoals:3 | Reached skill level 15 in Conjurations
 38231 | Shoals:3 | Got a scintillating granite ring
 38235 | Shoals:3 | Identified the ring "Tal Ycu" {rF+ rN+ Str-2 Int+2 Dex+3} (You acquired it on level 3 of the Shoals)
 38700 | Shoals:4 | Entered Level 4 of the Shoals
 38715 | Shoals:4 | Noticed Ilsuiw
 39385 | Shoals:4 | Reached XP level 17. HP: 99/99 MP: 39/40
 39775 | Snake:3  | Killed Vashnia
 39775 | Snake:3  | Reached skill level 1 in Translocations
 40468 | Snake:4  | Entered Level 4 of the Snake Pit
 40503 | Snake:4  | Reached skill level 18 in Spellcasting
 40528 | Snake:4  | Noticed Mara
 40530 | Snake:4  | Noticed xight's illusion
 41276 | Orc:2    | Bought the cursed +0 robe of the Stars {*Drain +Blink rElec rC+} for 341 gold pieces
 41294 | Orc:2    | Learned a level 8 spell: Ignition
 41594 | D:14     | Killed Louise
 42423 | D:15     | Entered Level 15 of the Dungeon
 42462 | D:15     | Killed Agnes
 43637 | D:15     | Offered knowledge of Spellforged Servitor by Vehumet.
 43872 | D:15     | Found a staircase to the Depths.
 43899 | Depths:1 | Entered Level 1 of the Depths
 44954 | Snake:4  | Killed Mara
 45001 | Snake:4  | Reached XP level 18. HP: 103/105 MP: 39/42
 46034 | Snake:4  | Reached skill level 19 in Spellcasting
 46197 | Snake:4  | Offered knowledge of Iron Shot by Vehumet.
 46294 | Snake:4  | Noticed Bai Suzhen
 46532 | Snake:4  | Killed Bai Suzhen
 46835 | Snake:4  | Got a serpentine rune of Zot
 47183 | Shoals:4 | Killed Ilsuiw
 48166 | Shoals:4 | Reached skill level 5 in Translocations
 48878 | Shoals:4 | Got a barnacled rune of Zot
 48989 | Shoals:4 | Noticed Polyphemus
 49259 | Shoals:4 | Identified Sif Muna's Catalogue of Dark Creation
 49524 | Shoals:4 | Killed Polyphemus
 49524 | Shoals:4 | Reached XP level 19. HP: 65/111 MP: 39/44
 50189 | Vaults:1 | Entered Level 1 of the Vaults
 52033 | Vaults:1 | Offered knowledge of Fire Storm by Vehumet.
 52033 | Vaults:1 | Offered knowledge of Glaciate by Vehumet.
 52033 | Vaults:1 | Offered knowledge of Chain Lightning by Vehumet.
 52089 | Vaults:1 | Learned a level 9 spell: Fire Storm
 52213 | Vaults:1 | Reached skill level 20 in Spellcasting
 52271 | Vaults:1 | Reached skill level 15 in Stealth
 53728 | D:8      | Killed Thaneod's ghost
 53774 | D:10     | Killed Harold
 53820 | D:8      | Upgraded the game from 0.21.0-3-g78d12a8 to 0.21.0-22-g11d5b52
 54421 | Vaults:2 | Reached skill level 10 in Fighting
 54808 | Vaults:2 | Noticed Nikola
 54816 | Vaults:2 | Killed Nikola
 55729 | Vaults:2 | Reached XP level 20. HP: 87/117 MP: 40/46
 56117 | Vaults:2 | Noticed Saint Roka
 56122 | Vaults:2 | Killed Saint Roka
 56874 | Vaults:2 | Found a staircase to the Crypt.
 56874 | Vaults:2 | Found a basalt altar of Yredelemnul.
 56875 | Vaults:2 | Found an ancient bone altar of Kikubaaqudgha.
 57868 | Vaults:3 | Noticed Donald
 57873 | Vaults:3 | Killed Donald
 57891 | Vaults:3 | Noticed an ancient lich
 57895 | Vaults:3 | Killed an ancient lich
 58332 | Vaults:3 | Got a brightly glowing copper amulet
 58335 | Vaults:3 | Identified the amulet "Jokudgho" {Reflect rPois Str+3 SH+4} (You acquired it on level 3 of the Vaults)
 58787 | Vaults:3 | Found Muymiapre's General Store.
 58789 | Vaults:3 | Found Ifafig's Antique Armour Boutique.
 58798 | Vaults:3 | Bought a pair of pitted boots for 313 gold pieces
 58808 | Vaults:3 | Identified the +3 pair of boots of the Sunfish {+Inv rC+ rN++} (You bought it in a shop on level 3 of the Vaults)
 58809 | Vaults:3 | Bought a pair of embroidered gloves for 247 gold pieces
 59682 | Vaults:4 | Reached skill level 21 in Spellcasting
 60173 | Vaults:4 | Reached XP level 21. HP: 123/123 MP: 34/48
 61569 | Elf:1    | Entered Level 1 of the Elven Halls
 62325 | Elf:1    | Found a shimmering altar of Xom.
 62407 | Elf:1    | Found Vaithuhua's Gadget Shoppe.
 62407 | Elf:1    | Found Lulet's Jewellery Shop.
 62408 | Elf:1    | Found Oroa's Jewellery Shop.
 63004 | Elf:1    | Identified Nexicihi's Handbook of Black Rites
 63316 | Elf:2    | Reached skill level 15 in Dodging
 63934 | Elf:2    | Found a huge runed gate.
 63934 | Elf:2    | Found a huge runed gate.
 63935 | Elf:2    | Found a huge runed gate.
 63936 | Elf:2    | Found a huge runed gate.
 63941 | Elf:2    | Found a huge runed gate.
 64239 | Elf:3    | Entered Level 3 of the Elven Halls
 64383 | Elf:3    | Noticed Jorgrun
 65358 | Elf:3    | Killed Jorgrun
 65817 | Elf:3    | Reached XP level 22. HP: 130/130 MP: 30/49
 65893 | Elf:3    | Got a glittering crystal amulet
 65957 | Elf:3    | Reached skill level 22 in Spellcasting
 66600 | Elf:3    | Reached skill level 15 in Hexes
 67066 | Elf:3    | Found Benokh's Weapon Shop.
 67281 | Elf:3    | Identified the amulet "Vupn" {RegenMP Int+2 Dex+2} (You took it off a deep elf elementalist on level 3 of the Elven Halls)
 67499 | Elf:3    | Got a ring of the Octopus King
 67681 | Elf:3    | Got a heavily runed lapis lazuli ring
 68918 | Depths:1 | Reached skill level 10 in Translocations
 69595 | Depths:1 | Found a gateway to Hell.
 70085 | Depths:1 | Learned a level 8 spell: Controlled Blink
 70335 | Depths:2 | Found a one-way gate leading to the halls of Pandemonium.
 70393 | Depths:2 | Noticed a golden dragon
 71362 | Depths:2 | Found a shimmering altar of Xom.
 71664 | Depths:2 | Noticed a caustic shrike
 71706 | Depths:2 | Reached XP level 23. HP: 61/135 MP: 45/51
 72303 | Depths:2 | Noticed a juggernaut
 72309 | Depths:2 | Killed a juggernaut
 72352 | Depths:2 | Found a deep blue altar of Sif Muna.
 73264 | Depths:3 | Found a glowing golden altar of the Shining One.
 73703 | Depths:3 | Reached skill level 23 in Spellcasting
 74147 | Depths:3 | Found a one-way gate to the infinite horrors of the Abyss.
 74757 | Depths:4 | Noticed a juggernaut
 74758 | Depths:4 | Killed a juggernaut
 74996 | Depths:4 | Found a corrupted altar of Lugonu.
 75468 | Depths:4 | Found a gateway to a ziggurat.
 75470 | Depths:4 | Paralysed by a floating eye for 3 turns
 75695 | Depths:4 | Identified a ring of the Octopus King {AC+1 EV+1 Str+1 Int+1 Dex+1 Stlth+} (You took it off a deep elf master archer on level 3 of the Elven Halls)
 75697 | Depths:4 | Identified the ring "Qaafywak" {Fire rElec Str+5} (You took it off a deep elf death mage on level 3 of the Elven Halls)
 76807 | Depths:5 | Entered Level 5 of the Depths
 76965 | Depths:5 | Noticed a juggernaut
 77124 | Depths:5 | Killed a juggernaut
 77124 | Depths:5 | Reached XP level 24. HP: 122/142 MP: 18/52
 77877 | Depths:5 | Found a gate to the Realm of Zot.
 78343 | Depths:2 | Found a deep blue altar of Sif Muna.
 78459 | Depths:2 | Found a glowing silver altar of Zin.
 78889 | Vaults:5 | Entered Level 5 of the Vaults
 79268 | Vaults:5 | Reached skill level 24 in Spellcasting
 79827 | Vaults:5 | Reached XP level 25. HP: 117/148 MP: 45/53
 80578 | Vaults:5 | Identified Sif Muna's Grimoire of Shape Shifting and Lightness
 80589 | Vaults:5 | Learned a level 8 spell: Disjunction
 80595 | Vaults:5 | Got a silver rune of Zot
 80695 | Vaults:5 | Identified Huhiechet's Disquisition on Stolen Souls and Dislocation
 80958 | Vaults:5 | Got a smoking glass ring
 81746 | Zot:1    | Entered Level 1 of the Realm of Zot
 83533 | Zot:2    | Identified the ring "Weixol" {rC+ Int+4} (You took it off a tengu reaver on level 5 of the Vaults)
 83555 | Zot:2    | Reached skill level 25 in Spellcasting
 84024 | Zot:3    | Reached XP level 26. HP: 154/154 MP: 48/54
 84119 | Zot:3    | Noticed an orb of fire
 84122 | Zot:3    | Gained mutation: You are clumsy. (Dex -2) [an orb of fire]
 84123 | Zot:3    | Killed an orb of fire
 86393 | Zot:2    | Learned a level 2 spell: Swiftness
 87562 | Zot:4    | Reached XP level 27. HP: 160/160 MP: 11/54
 88607 | Zot:5    | Entered Level 5 of the Realm of Zot
 88770 | Zot:5    | Reached skill level 26 in Spellcasting
 89184 | Zot:5    | Noticed an ancient lich
 89184 | Zot:5    | Noticed an orb of fire
 89185 | Zot:5    | Killed an ancient lich
 89188 | Zot:5    | Noticed an ancient lich
 89190 | Zot:5    | Gained mutation: Your spells are a little easier to cast, but a little less powerful. [an orb of fire]
 89192 | Zot:5    | Gained mutation: Armour fits poorly on your strangely shaped body. [an orb of fire]
 89436 | Zot:5    | Gained mutation: Your body sometimes deteriorates upon taking damage. [an orb of fire]
 89438 | Zot:5    | Gained mutation: Scrolls take you a little longer to read. [an orb of fire]
 89439 | Zot:5    | Lost mutation: Your spells are a little easier to cast, but a little less powerful. [an orb of fire]
 89445 | Zot:4    | Gained mutation: You are very clumsy. (Dex -4) [an orb of fire]
 89454 | Zot:4    | Gained mutation: Your magical capacity is low. (-10% MP) [an orb of fire]
 90208 | Slime:1  | Entered Level 1 of the Pits of Slime
 91976 | Slime:3  | Paralysed by a floating eye for 4 turns
 93119 | Slime:5  | Entered Level 5 of the Pits of Slime
 93135 | Slime:5  | Gained mutation: You are frail. (-10% HP) [a shining eye]
 93439 | Slime:5  | Noticed the Royal Jelly
 93606 | Slime:5  | Killed the Royal Jelly
 93779 | Slime:5  | Learned a level 7 spell: Ring of Flames
 93888 | Slime:5  | Got a glittering bronze amulet
 93952 | Slime:5  | Identified Sophisticated Magic
 93971 | Slime:5  | Identified the amulet of the Special Yaks {Spirit rPois} (You found it on level 5 of the Pits of Slime)
 93992 | Slime:5  | Got a faintly glowing graven amulet
 94010 | Slime:5  | Identified the amulet of Xuebit {Faith +Fly rC+ MP+9 Stlth-} (You found it on level 5 of the Pits of Slime)
 94040 | Slime:5  | Got a dazzling helmet
 94042 | Slime:5  | Got a pair of translucent gloves
 94050 | Slime:5  | Identified the cursed +0 helmet "Latuuvuq" {-Tele *Slow Dex+7 Slay+6} (You found it on level 5 of the Pits of Slime)
 94052 | Slime:5  | Identified the +2 pair of gloves of Dohoxann {Str-3 Slay+3 SInv} (You found it on level 5 of the Pits of Slime)
 94393 | Slime:5  | Got a slimy rune of Zot
 94795 | Crypt:1  | Entered Level 1 of the Crypt
 95882 | Crypt:2  | Noticed Khufu
 95882 | Crypt:2  | Noticed a greater mummy
 95886 | Crypt:2  | Killed Khufu
 95887 | Crypt:2  | Killed a greater mummy
 95887 | Crypt:2  | Lost strength.
 96254 | Crypt:1  | Lost mutation: Your magical capacity is low. (-10% MP) [potion of mutation]
 96254 | Crypt:1  | Lost mutation: Scrolls take you a little longer to read. [potion of mutation]
 96254 | Crypt:1  | Lost mutation: Your body sometimes deteriorates upon taking damage. [potion of mutation]
 96254 | Crypt:1  | Gained mutation: You are weak. (Str -2) [potion of mutation]
 96254 | Crypt:1  | Gained mutation: Your spells are a little harder to cast, but a little more powerful. [potion of mutation]
 96254 | Crypt:1  | Gained mutation: You evolve. [potion of mutation]
 96255 | Crypt:1  | Lost mutation: You are frail. (-10% HP) [potion of mutation]
 96255 | Crypt:1  | Lost mutation: You are weak. (Str -2) [potion of mutation]
 96255 | Crypt:1  | Lost mutation: Your spells are a little harder to cast, but a little more powerful. [potion of mutation]
 96255 | Crypt:1  | Gained mutation: You occasionally shout uncontrollably at your foes. [potion of mutation]
 96255 | Crypt:1  | Gained mutation: You are robust. (+10% HP) [potion of mutation]
 96392 | Crypt:1  | Lost mutation: Armour fits poorly on your strangely shaped body. [evolution]
 96392 | Crypt:1  | Lost mutation: You evolve. [end of evolution]
 97209 | Crypt:3  | Entered Level 3 of the Crypt
 97252 | Crypt:3  | Reached skill level 27 in Spellcasting
 97967 | Crypt:3  | Noticed an ancient lich
 97967 | Crypt:3  | Noticed an ancient lich
 98009 | Crypt:3  | Killed an ancient lich
 98009 | Crypt:3  | Killed an ancient lich
 98043 | Crypt:3  | Noticed an ancient lich
 98043 | Crypt:3  | Noticed an ancient lich
 98049 | Crypt:3  | Killed an ancient lich
 98049 | Crypt:3  | Killed an ancient lich
 98049 | Crypt:3  | Reached skill level 15 in Translocations
 98075 | Crypt:3  | Identified the Compendium of Evil
 98331 | Crypt:3  | Found a staircase to the Tomb.
 98340 | Tomb:1   | Entered Level 1 of the Tomb of the Ancients
 99818 | Tomb:1   | Learned a level 2 spell: Passwall
 99912 | Tomb:1   | Noticed a greater mummy
 99914 | Tomb:1   | Killed a greater mummy
100225 | Tomb:1   | Noticed a greater mummy
100227 | Tomb:1   | Killed a greater mummy
100721 | Tomb:1   | Noticed a greater mummy
100725 | Tomb:1   | Killed a greater mummy
101281 | Vaults:3 | Bought a scroll of identify for 28 gold pieces
101281 | Vaults:3 | Bought a ration for 70 gold pieces
101281 | Vaults:3 | Bought a ration for 70 gold pieces
101281 | Vaults:3 | Bought 16 stones for 22 gold pieces
101281 | Vaults:3 | Bought a ration for 70 gold pieces
101281 | Vaults:3 | Bought a wand of digging (16) for 560 gold pieces
101586 | Hell     | Entered the Vestibule of Hell
101586 | Hell     | Noticed Geryon
102343 | Zot:4    | Killed an orb of fire
102509 | Zot:5    | Noticed an orb of fire
102517 | Zot:5    | Gained mutation: You are weak. (Str -2) [an orb of fire]
102865 | Zot:4    | Upgraded the game from 0.21.0-22-g11d5b52 to 0.21.0-24-g2553a33
104579 | Zot:5    | Killed an ancient lich
104582 | Zot:5    | Reached skill level 1 in Transmutations
104821 | Zot:5    | Killed an orb of fire
104893 | Zot:5    | Noticed an ancient lich
105241 | Zot:5    | Killed an ancient lich
105397 | Zot:5    | Noticed an ancient lich
105399 | Zot:5    | Killed an ancient lich
105612 | Zot:5    | Noticed an orb of fire
105629 | Zot:5    | Lost strength.
105629 | Zot:5    | Gained mutation: You are very weak. (Str -4) [an orb of fire]
105647 | Zot:5    | HP: 4/180 [Orb Guardian (23)]
106819 | Zot:4    | Lost mutation: You are robust. (+10% HP) [potion of mutation]
106819 | Zot:4    | Lost mutation: You occasionally shout uncontrollably at your foes. [potion of mutation]
106819 | Zot:4    | Lost mutation: You are very weak. (Str -4) [potion of mutation]
106819 | Zot:4    | Lost mutation: You are weak. (Str -2) [potion of mutation]
106819 | Zot:4    | Gained mutation: You are partially covered in iridescent scales. (AC +2) [potion of mutation]
106819 | Zot:4    | Gained mutation: You are partially covered in large bone plates. (SH +4) [potion of mutation]
107052 | Zot:5    | Killed an orb of fire
107292 | Zot:5    | Noticed an orb of fire
107297 | Zot:5    | Killed an orb of fire
107406 | Zot:5    | Noticed an orb of fire
107412 | Zot:5    | Killed an orb of fire
107853 | Zot:5    | Noticed an orb of fire
107858 | Zot:5    | Killed an orb of fire
108179 | Zot:5    | Noticed an orb of fire
108185 | Zot:5    | Killed an orb of fire
108343 | Zot:5    | Noticed an orb of fire
108349 | Zot:5    | Killed an orb of fire
108604 | Zot:5    | Noticed an orb of fire
108605 | Zot:5    | Gained mutation: Scrolls take you a little longer to read. [an orb of fire]
108611 | Zot:5    | Noticed an orb of fire
108616 | Zot:5    | Killed an orb of fire
109214 | Zot:5    | Reached skill level 5 in Transmutations
109357 | Zot:5    | Gained mutation: Scrolls take you longer to read. [an orb of fire]
109359 | Zot:5    | Killed an orb of fire
109736 | Zot:5    | Reached skill level 15 in Fighting
110089 | Depths:4 | Voluntarily entered the Abyss.
110092 | Abyss:1  | Found a corrupted altar of Lugonu.
110171 | Abyss:1  | Gained mutation: You are frail. (-10% HP) [mutagenic glow]
110860 | Abyss:3  | Gained mutation: Your spells are a little easier to cast, but a little less powerful. [a cacodemon]
110863 | Abyss:3  | Gained mutation: Your magical capacity is low. (-10% MP) [a cacodemon]
111381 | Abyss:3  | Found a corrupted altar of Lugonu.
111411 | Depths:4 | Escaped the Abyss
111425 | Depths:4 | Slain by a lorocyproca

Skill      XL: |  1  2  3  4  5  6  7  8  9 10 11 12 13 14 15 16 17 18 19 20 21 22 23 24 25 26 27 |
---------------+----------------------------------------------------------------------------------+-----
Conjurations   | 2 3 4 5 6 7 9 10 11 12 13 14 15 16 17 18 19 20 21 22 25 | 25.0
Spellcasting   | 4 5 6 7 9 10 12 13 14 15 16 17 18 19 20 21 22 23 24 25 27 | 27.0
Stealth        | 3 4 5 6 7 8 9 10 11 12 13 14 15 16 17 18 19 21 | 21.9
Dodging        | 3 4 5 6 7 8 9 10 11 12 13 14 15 16 17 18 20 | 20.3
Fire Magic     | 4 5 6 8 9 10 11 12 13 14 15 16 17 18 19 20 21 22 25 | 25.2
Fighting       | 1 2 3 4 5 6 7 8 9 10 11 12 13 15 | 15.1
Hexes          | 2 5 6 8 9 10 11 12 13 14 15 16 17 18 20 | 20.8
Translocations | 3 5 6 8 9 10 11 12 13 16 | 16.3
Transmutations | 6 |  6.2

Action                   |  1- 3 |  4- 6 |  7- 9 | 10-12 | 13-15 | 16-18 | 19-21 | 22-24 | 25-27 || total
-------------------------+-------+-------+-------+-------+-------+-------+-------+-------+-------++-------
Melee: Unarmed           |     2 |       |     1 |       |       |       |       |       |       ||     3
       Staff             |       |       |       |       |     2 |     2 |     3 |     1 |     3 ||    11
 Cast: Flame Tongue      |    52 |    77 |    80 |    69 |     8 |     2 |       |     1 |     1 ||   290
       Throw Flame       |    16 |    44 |   115 |   164 |    58 |     3 |     1 |     6 |     1 ||   408
       Conjure Flame     |       |     4 |     4 |    10 |     9 |     2 |     4 |     1 |     1 ||    35
       Sticky Flame      |       |     7 |    11 |    28 |    37 |    25 |    20 |     5 |    24 ||   157
       Inner Flame       |       |     2 |     4 |    19 |    83 |    14 |    22 |     3 |     7 ||   154
       Fireball          |       |       |    41 |   129 |   580 |   580 |   646 |   365 |    72 ||  2413
       Bolt of Fire      |       |       |       |       |    12 |    26 |     3 |       |       ||    41
       Iskenderun's Myst |       |       |       |       |     8 |     8 |       |       |       ||    16
       Force Lance       |       |       |       |       |     3 |       |    15 |    14 |     1 ||    33
       Orb of Destructio |       |       |       |       |       |    55 |   124 |   138 |    59 ||   376
       Ignition          |       |       |       |       |       |     5 |       |    11 |    26 ||    42
       Fire Storm        |       |       |       |       |       |       |    10 |   134 |   817 ||   961
       Cause Fear        |       |       |       |       |       |       |       |     4 |       ||     4
       Controlled Blink  |       |       |       |       |       |       |       |     3 |    38 ||    41
       Disjunction       |       |       |       |       |       |       |       |       |     6 ||     6
       Ring of Flames    |       |       |       |       |       |       |       |       |     3 ||     3
 Abil: Evoke Blink       |       |       |       |       |       |     2 |     1 |     1 |       ||     4
Evoke: Wand              |       |       |    10 |     8 |     5 |     4 |     4 |       |       ||    31
  Use: Potion            |       |     1 |     2 |     3 |     8 |     4 |     2 |    11 |    12 ||    43
       Scroll            |       |     7 |     8 |    15 |    15 |    10 |     7 |    23 |    25 ||   110
  Eat: Chunk             |     3 |     6 |    19 |    26 |    34 |    18 |    45 |    40 |    34 ||   225
       Ration            |       |     1 |     4 |     4 |     5 |    11 |     3 |     6 |    27 ||    61
Armor: Robe              |       |    24 |     7 |    13 |       |    10 |    10 |    16 |    45 ||   125
       Ice dragon scales |       |       |       |     1 |    95 |    61 |       |       |       ||   157
Dodge: Dodged            |     4 |   108 |    28 |    56 |    46 |   114 |   129 |   117 |   244 ||   846
Block: Other             |       |       |       |       |       |       |       |       |    19 ||    19
